 Dungeon Crawl Stone Soup version 0.25.0-9-g26727b657a (webtiles) character file.

Game seed: 16858438666677392932

30 funkygono the Covered (level 3, 23/23 HPs)
             Began as a Gargoyle Fighter on June 20, 2020.
             Got out of the dungeon alive.
             The game lasted 00:01:55 (882 turns).

funkygono the Covered (Gargoyle Fighter)             Turns: 882, Time: 00:01:55

Health: 23/23      AC: 10    Str: 19    XL:     3   Next: 20%
Magic:  3/3        EV:  7    Int:  9    God:
Gold:   33         SH:  9    Dex:  9    Spells: 2/2 levels left

rFire    . . .     SeeInvis .   a - +0 flail
rCold    . . .     Gourm    .   c - +0 kite shield
rNeg     + . .     Faith    .   b - +0 scale mail
rPois    ∞         Spirit   .   (no helmet)
rElec    +         Reflect  .   (no cloak)
rCorr    .         Harm     .   (no gloves)
MR       .....                  (no boots)
Stlth    ..........             (no amulet)
HPRegen  0.07/turn              i - ring of wizardry
MPRegen  0.08/turn              (no ring)

@: no status effects
A: negative energy resistance 1, electricity resistance, unbreathing,
petrification resistance, rot immunity, AC +3
a: no special abilities


You escaped.
You were not hungry.

You visited 1 branch of the dungeon, and saw 1 of its levels.

You collected 33 gold pieces.

Inventory:

Hand Weapons
 a - a +0 flail (weapon)
Missiles
 l - 27 arrows
 m - 19 stones (quivered)
Armour
 b - a +0 scale mail (worn)
 c - a +0 kite shield (worn)
Jewellery
 i - a ring of wizardry (left hand)
Potions
 d - a potion of might
 e - 2 potions of resistance {unknown}
Comestibles
 f - 2 rations
 g - a chunk of flesh


   Skills:
 + Level 3.6 Fighting
 + Level 2.4 Maces & Flails
 + Level 3.7 Armour
 + Level 3.6 Shields


You had 2 spell levels left.
You didn't know any spells.
Your spell library was empty.

Dungeon Overview and Level Annotations

Branches:
Dungeon (1/15)

Altars:


Innate Abilities, Weirdness & Mutations

You are resistant to torment.
Your stone body is resilient. (AC +3)
You are immune to poison.
You resist negative energy. (rN+)
You are resistant to electric shocks. (rElec)
You can survive without breathing.
You are immune to petrification.
You are immune to rotting.


Message History

As you read the scroll labeled TONONW YMEMONI, it crumbles to dust.
The scroll dissolves into smoke.
It was a scroll of fog.
As you read the scroll labeled SOMPYH QOUN, it crumbles to dust.
You feel strangely unstable.
It was a scroll of teleportation.
As you read the scroll labeled TUVUOFFITZUE, it crumbles to dust.
The air around you briefly surges with heat, but it dissipates.
It was a scroll of immolation.
There is an open door here.
Your surroundings suddenly seem different.
There is a stone staircase leading down here.
Done exploring.
There is an escape hatch in the floor here.
You open the door.
There is an open door here.
There is a staircase leading out of the dungeon here.
Are you sure you want to leave the Dungeon?
This will make you lose the game!
Alright, then stay!
Unknown command.
Are you sure you want to leave the Dungeon?
This will make you lose the game!
You have escaped!

.....####.#.##....# ##..#######
.....+......##....# #..........
.....####.####....######...#....#
.....# #.# #..............#.####
##+######.###.....######.#.......
#.#.........[....'...##.#...###.
##.#.####.###.....###.##.#.#####.
.#.#.# #.# ####.## #.##.........
...#.# #.# #@# #.......#####
#).#.# #.# ### ######..# ###
#..#.# #.# #####....# #.. ##...#
#.# #.....#.## #.# #..## #.#
#.....#.####.# ##.# #.#
#.......#....# #.# #.#
#....####.#### #÷#####.# #....#
#.# #.....#.# #....####.#


There were no monsters in sight!

Vanquished Creatures
  A dart slug (D:1)
  3 giant cockroaches (D:1)
  3 goblins (D:1)
  3 hobgoblins (D:1)
  3 jackals (D:1)
  3 kobolds (D:1)
  3 bats (D:1)
  A frilled lizard (D:1)
  8 rats (D:1)
28 creatures vanquished.

Notes
Turn   | Place    | Note
-------+----------+-------------------------------------------
     0 | D:1      | funkygono the Gargoyle Fighter began the quest for the Orb.
     0 | D:1      | Reached XP level 1. HP: 14/14 MP: 1/1
    96 | D:1      | Reached XP level 2. HP: 19/19 MP: 2/2
   481 | D:1      | Reached XP level 3. HP: 23/23 MP: 3/3
   882 | D:$      | Got out of the dungeon alive.

Illustrated notes

Levels and vault maps discovered:
D:1:      dpeg_arrival_tiny_a, layout_basic, hangedman_abyss_or_decor_stabs

Action                   || total
-------------------------++-------
Melee: Flail             ||    92
  Use: Scroll            ||     3
Armor: Scale mail        ||    56
Dodge: Dodged            ||    30
Block: Kite shield       ||    52
